 Dungeon Crawl Stone Soup version 0.28.0-1-gb440e238dd (webtiles) character file.

Game seed: 7696541655430930007

21 Strat the Grasshopper (level 3, 0/28 HPs)
             Began as a Human Warper on Feb 20, 2022.
             Slain by a goblin (1 damage)
             ... on level 1 of the Dungeon.
             The game lasted 00:00:48 (512 turns).

Strat the Grasshopper (Human Warper)                 Turns: 512, Time: 00:00:49

Health: 0/28       AC:  3    Str: 13    XL:     3   Next: 5%
Magic:  6/6        EV: 11    Int: 13    God:
Gold:   15         SH:  0    Dex: 12    Spells: 4/6 levels left

rFire   . . .      SeeInvis .   a - +0 mace
rCold   . . .      Faith    .   (no shield)
rNeg    . . .      Spirit   .   b - +0 leather armour
rPois   .          Reflect  .   (no helmet)
rElec   .          Harm     .   (no cloak)
rCorr   .          Rampage  .   (no gloves)
Will    .....                   (no boots)
Stlth   +.........              (no amulet)
HPRegen 0.09/turn               (no ring)
MPRegen 0.10/turn               (no ring)

@: no status effects
A: no striking features
a: no special abilities


You were on level 1 of the Dungeon.
You visited 1 branch of the dungeon, and saw 1 of its levels.

You collected 15 gold pieces.

Inventory:

Hand Weapons
 a - a +0 mace (weapon)
Missiles
 d - 5 boomerangs of dispersal (quivered)
Armour
 b - a +0 leather armour (worn)
Scrolls
 c - a scroll of blinking
 e - a scroll of immolation {unknown}


   Skills:
 + Level 2.4 Fighting
 * Level 2.9 Maces & Flails
 - Level 1.0 Throwing
 - Level 1.0 Armour
 - Level 2.0 Dodging
 - Level 2.0 Spellcasting
 - Level 3.0 Translocations


You had 4 spell levels left.
You knew the following spells:

 Your Spells              Type           Power      Damage    Failure   Level
a - Blink                 Tloc           18%        N/A       14%         2

Your spell library contained the following spells:

 Spells                   Type           Power      Damage    Failure   Level
 Gell's Gravitas          Tloc           9%         N/A       28%         3
 Lesser Beckoning         Tloc           9%         N/A       28%         3
 Teleport Other           Tloc           9%         N/A       28%         3
 Manifold Assault         Tloc           9%         N/A       95%         5


Dungeon Overview and Level Annotations

Branches:
Dungeon (1/15)

Altars:


Message History

The jackal bites you but does no damage.
You barely miss the jackal.
The jackal bites you but does no damage.
The jackal closely misses you.
You hit the jackal but do no damage. The jackal barely misses you.
The jackal bites you.
* * * LOW HITPOINT WARNING * * *
You closely miss the jackal.
The jackal bites you but does no damage. x2
You closely miss the jackal. The jackal closely misses you.
You hit the jackal.
The jackal is lightly wounded.
The jackal barely misses you. The jackal bites you.
* * * LOW HITPOINT WARNING * * *
You hit the jackal.
The jackal is heavily wounded.
The jackal bites you.
* * * LOW HITPOINT WARNING * * *
The jackal barely misses you.
You hit the jackal.
The jackal is almost dead.
The jackal barely misses you. The jackal closely misses you.
You closely miss the jackal.
The jackal is almost dead.
The jackal closely misses you.
You miss the jackal.
The jackal is almost dead.
The jackal bites you but does no damage.
The jackal bites you.
* * * LOW HITPOINT WARNING * * *
You hit the jackal but do no damage.
The jackal is almost dead.
The jackal barely misses you. The jackal bites you.
* * * LOW HITPOINT WARNING * * *
You thump the jackal!
You kill the jackal!
You hit the goblin.
The goblin is heavily wounded.
The goblin hits you with a +0 club.
You die...

####.....#
#?.#..†..#########
#8.##..K'.......#
8..#b#...##.####.#
#..8.#.####.# #.# .8#.##.
#.# #.# #.!#... #K#
#.########### ####.## #g#
#...........# ..... #@#
######.###### ..... #.# #.#
... #.# #######.### #.#.# #
..) ..........# #.#.# .# ..#
###.###.### ..#.####.# ...#
#.# #.# ..#......# .....#
#.# #.# .......#.###.....#
#.# #.#
...........#.....#.###.###.#


You could see a goblin and a kobold.

Vanquished Creatures
  3 bats (D:1)
  A giant cockroach (D:1)
  3 hobgoblins (D:1)
  A jackal (D:1)
  2 kobolds (D:1)
  2 quokkas (D:1)
  2 frilled lizards (D:1)
  5 rats (D:1)
19 creatures vanquished.

Notes
Turn   | Place    | Note
-------+----------+-------------------------------------------
     0 | D:1      | Strat the Human Warper began the quest for the Orb.
     0 | D:1      | Reached XP level 1. HP: 16/16 MP: 3/3
   164 | D:1      | Reached XP level 2. HP: 22/22 MP: 5/5
   178 | D:1      | Learned a level 2 spell: Blink
   492 | D:1      | Reached XP level 3. HP: 11/28 MP: 6/6
   510 | D:1      | HP: 1/28 [jackal (1)]
   512 | D:1      | Slain by a goblin

Illustrated notes

Levels and vault maps discovered:
D:1:      dpeg_arrival_tiny_i, layout_basic, st_stairs_3, minmay_hexomino_c4

Action                   || total
-------------------------++-------
Melee: Mace              ||    71
       Punch             ||     1
Armor: Leather armour    ||    26
Dodge: Dodged            ||    47
